 Dungeon Crawl Stone Soup version 0.26-a0-712-ga5a9c9c9d0 (webtiles) character file.

Game seed: 15192514641231850238

1016 Descartes the Gusty (level 8, -6/41 HPs)
             Began as a Deep Elf Air Elementalist on Nov 1, 2020.
             Was an Initiate of Gozag.
             Mangled by a quicksilver dragon zombie (13 damage)
             ... on level 1 of the Abyss.
             The game lasted 00:14:31 (6879 turns).

Descartes the Gusty (Deep Elf Air Elementalist)     Turns: 6879, Time: 00:14:32

Health: -6/41      AC:  8    Str:  5    XL:     8   Next: 1%
Magic:  19/19      EV: 13    Int: 23    God:    Gozag
Gold:   471        SH:  0    Dex: 23    Spells: 11/19 levels left

rFire    + . .     SeeInvis .   F - +0 short sword (freeze)
rCold    . . .     Faith    .   (no shield)
rNeg     . . .     Spirit   .   D - +3 leather armour
rPois    .         Reflect  .   G - +1 helmet
rElec    .         Harm     .   (no cloak)
rCorr    .         Rampage  .   (no gloves)
MR       .....                  (no boots)
Stlth    +++.......             (no amulet)
HPRegen  0.13/turn              E - +6 ring of dexterity
MPRegen  0.16/turn              (no ring)

@: no status effects
A: talons 1, agile 1, fire resistance 1
a: Potion Petition, Call Merchant, Bribe Branch, Renounce Religion


You were on level 1 of the Abyss.
You worshipped Gozag.
Gozag was aware of your devotion.
You visited 2 branches of the dungeon, and saw 7 of its levels.
You visited the Abyss 1 time.

You collected 505 gold pieces.
You paid 34 gold pieces to Gozag.

Inventory:

Hand Weapons
 e - the +7 hunting sling of Currency {freeze, +Blink MP+9 Int+3 Dex-5}
   (You found it on level 4 of the Dungeon)

   It causes projectiles fired from it to freeze those they strike, causing
   extra injury to most foes and up to half again as much damage against
   particularly susceptible opponents.
   They can also slow down cold-blooded creatures.
   It affects your intelligence (+3).
   It affects your dexterity (-5).
   It affects your magic capacity (+9).
   It lets you blink.
 r - a +0 dagger
 s - a +0 falchion
 B - a +0 long sword
 F - a +0 short sword of freezing (weapon)
Missiles
 f - 90 stones (quivered)
 h - 32 poisoned darts
 k - 18 bolts
 m - 2 boomerangs
 H - 38 arrows
Armour
 D - a +3 leather armour (worn)
 G - a +1 helmet (worn)
 I - a +2 robe of the Archmagi
Jewellery
 w - an uncursed ring of ice
 E - a +6 ring of dexterity (left hand)
Wands
 J - a wand of digging (6)
Scrolls
 c - 2 scrolls of magic mapping {unknown}
 i - a scroll of noise {unknown}
 j - a scroll of amnesia {unknown}
 n - 10 scrolls of identify {unknown}
 o - a scroll of random uselessness {unknown}
 t - a scroll of blinking {unknown}
 v - 7 scrolls of teleportation {unknown}
 x - 2 scrolls of fog {unknown}
 y - a scroll of enchant armour {unknown}
 z - 2 scrolls of remove curse {unknown}
Potions
 d - a potion of magic {unknown}
 g - a potion of curing {unknown}
 l - a potion of stabbing {unknown}
 p - 2 potions of mutation
 C - a potion of cancellation


   Skills:
 - Level 2.0 Slings
 - Level 3.1 Dodging
 - Level 3.2 Stealth
 + Level 6.3 Spellcasting
 + Level 4.7 Conjurations
 * Level 6.6 Air Magic


You had 11 spell levels left.
You knew the following spells:

 Your Spells              Type           Power        Failure   Level
a - Shock                 Conj/Air       ####         1%          1
b - Static Discharge      Conj/Air       ####....     4%          3
c - Airstrike             Air            #####.....   9%          4

Your spell library contained the following spells:

 Spells                   Type           Power        Failure   Level
 Swiftness                Air            #####...     1%          2
 Beastly Appendage        Tmut           #.....       14%         1
 Wereblood                Tmut           #.......     21%         2
 Lightning Bolt           Conj/Air       ####......   36%         5
 Spider Form              Tmut/Pois      #.........   38%         3
 Ice Form                 Ice/Tmut       #.......     80%         4
 Blade Hands              Tmut           #.........   98%         5


Dungeon Overview and Level Annotations

Branches:
Dungeon (6/15)             Temple (1/1) D:4

Altars:
Cheibriados
Dithmenos
Gozag
Hepliaklqana
Kikubaaqudgha
Qazlal
Ru
Sif Muna
Uskayaw
Xom
Yredelemnul
Zin
The Shining One

Shops:
D:5 *   D:6 *

Annotations:
D:5 Maggie


Innate Abilities, Weirdness & Mutations

You have sharp toenails.
You are agile. (Dex +2)
Your flesh is heat resistant. (rF+)


Message History

A small abomination is nearby!
You cannot move.
You cannot move.
You cannot move.
You cannot move.
You cannot move.
You feel less wooden.
Your +1 helmet unmelds from your body.
Your +3 leather armour unmelds from your body.
A quicksilver dragon zombie comes into view.
A large abomination comes into view.
The quicksilver dragon zombie bites you!
The quicksilver dragon zombie claws you!
* * * LOW HITPOINT WARNING * * *
A storm dragon skeleton comes into view.
The quicksilver dragon zombie bites you but does no damage.
The quicksilver dragon zombie closely misses you.
The quicksilver dragon zombie bites you!
You die...
Your body crumbles into a pile of gold.

#.# .. #.# . . ###. #.
##.#..##.# .. ## #.#
#.. ..#.# #. Z##..§#
..##..# # .. ......#
##.##.# # #. ##.##..#
##....# #..#.#@##..#
#...#... $#...#Z§.# .
#. #..#..#.#
#####...#..
#..##...##...#..#.#.##
..##............ ...##
.. #.##..##..##..##.#
. #. #..# ..##..# .# .
..... ..... .. #
#..................


You could see a quicksilver dragon zombie and a storm dragon skeleton
(wandering).

Vanquished Creatures
  Eustachio (D:5)
  A sky beast (D:5)
  3 ogres
  A centaur (D:5)
  A scorpion (D:5)
  A howler monkey (D:4)
  A bullfrog zombie (D:5)
  A hound (D:5)
  An orc priest (D:4)
  An iguana (D:4)
  2 orc wizards
  A hound skeleton (D:5)
  Robin (D:4)
  3 adders
  A white imp (D:5)
  An adder skeleton (D:4)
  2 worms
  2 dart slugs (D:4)
  3 leopard geckos
  16 orcs
  6 giant cockroaches
  2 gnoll zombies (D:2)
  15 goblins
  7 hobgoblins
  11 jackals
  2 quokkas
  2 ball pythons
  6 bats
  4 frilled lizards
  2 kobolds
  7 rats
108 creatures vanquished.

Notes
Turn   | Place    | Note
-------+----------+-------------------------------------------
     0 | D:1      | Descartes the Deep Elf Air Elementalist began the quest for
                  | the Orb.
     0 | D:1      | Reached XP level 1. HP: 10/10 MP: 6/6
   354 | D:1      | Reached XP level 2. HP: 15/15 MP: 6/8
  1682 | D:2      | Reached XP level 3. HP: 19/19 MP: 5/9
  2102 | D:2      | Found a basalt altar of Yredelemnul.
  2662 | D:3      | Learned a level 3 spell: Static Discharge
  2869 | D:3      | Found an ancient bone altar of Kikubaaqudgha.
  2882 | D:3      | Reached XP level 4. HP: 24/24 MP: 0/11
  2951 | D:3      | Learned a level 4 spell: Airstrike
  3469 | D:4      | Noticed an ogre
  3672 | D:4      | Reached XP level 5. HP: 20/28 MP: 3/13
  3911 | D:4      | Killed an ogre
  3911 | D:4      | Reached XP level 6. HP: 32/32 MP: 2/15
  4017 | D:4      | Got an ichor-stained hunting sling
  4018 | D:4      | Identified the +7 hunting sling of Currency {freeze, +Blink
                  | MP+9 Int+3 Dex-5} (You found it on level 4 of the Dungeon)
  4255 | D:4      | Found a shimmering blue altar of Sif Muna.
  4373 | D:4      | Found a snail-covered altar of Cheibriados.
  4396 | D:4      | Found a staircase to the Ecumenical Temple.
  4402 | Temple   | Entered the Ecumenical Temple
  4607 | Temple   | Became a worshipper of Gozag Ym Sagoz the Greedy
  4769 | D:4      | Noticed Robin
  4864 | D:4      | Killed Robin
  4884 | D:4      | Reached skill level 5 in Air Magic
  5240 | D:5      | Entered Level 5 of the Dungeon
  5284 | D:5      | Reached skill level 1 in Slings
  5284 | D:5      | Reached skill level 5 in Spellcasting
  5509 | D:5      | Reached XP level 7. HP: 36/36 MP: 16/16
  5675 | D:5      | Found Hrum's Humungous Hoard.
  6102 | D:5      | Noticed Eustachio
  6124 | D:5      | Killed Eustachio
  6538 | D:6      | Found Eeoqic's Eclectic Emporium.
  6550 | D:6      | Noticed Maggie
  6560 | D:5      | Reached XP level 8. HP: 28/41 MP: 19/19
  6764 | D:5      | Gained mutation: Your flesh is heat resistant. (rF+)
                  | [potion of mutation]
  6764 | D:5      | Gained mutation: You have sharp toenails. [potion of
                  | mutation]
  6764 | D:5      | Gained mutation: You are agile. (Dex +2) [potion of
                  | mutation]
  6786 | D:5      | Cast into level 1 of the Abyss (Maggie)
  6870 | Abyss:1  | Noticed a quicksilver dragon zombie
  6879 | Abyss:1  | Mangled by a quicksilver dragon zombie

Illustrated notes

Levels and vault maps discovered:
D:1:      ebering_trefoil_3fold, layout_basic, serial_curves, eino_curves_01,
          eino_curves_03, eino_curves_02
D:2:      layout_basic, lemuel_zombie_altar_yredelemnul, minmay_misc_feat_iff
D:3:      layout_basic, kiku_gazebo_pond_becter
D:4:      layout_layer_cave, lemuel_blue_sif_altar, cheibriados_altar_1,
          minmay_temple_entry_enclosed_plants, uniq_robin
D:5:      layout_basic, nicolae_alphabet_shops, uniq_eustachio
D:6:      layout_loops_corners, st_stairs_8, nrook_mini_backslash, minivault_24,
          nicolae_alphabet_shops, uniq_menkaure, uniq_maggie
Temple:   jpeg_temple_island
Abyss:1:  base: D:4, hangedman_abyss_shoalhut, evilmike_abyss_exit_1

Skill      XL: |  1  2  3  4  5  6  7 |
---------------+----------------------+-----
Stealth        | 3 |  3.2
Dodging        | 3 |  3.1
Conjurations   | 2 3 4 |  4.7
Spellcasting   | 4 5 6 |  6.3
Air Magic      | 4 5 6 |  6.6
Slings         | 1 2 |  2.0

Action                   |  1- 3 |  4- 6 |  7- 9 || total
-------------------------+-------+-------+-------++-------
Melee: Falchion          |       |     1 |       ||     1
       Long sword        |       |     3 |       ||     3
       Short sword       |       |       |     1 ||     1
 Fire: Hunting sling     |       |    59 |    71 ||   130
 Cast: Shock             |   114 |    50 |     7 ||   171
  Use: Potion            |       |       |     7 ||     7
 Stab: Sleeping          |       |     1 |       ||     1
Armor: Robe              |     1 |       |       ||     1
       Leather armour    |     1 |     5 |    19 ||    25
       Skin              |       |       |     2 ||     2
Dodge: Dodged            |     8 |    16 |    28 ||    52
       Rpst.: Falchion   |     2 |     1 |       ||     3
       Long sword        |       |     1 |       ||     1

Table legend: (Time is in decaauts)
 A = Elapsed time spent in this place.
 B = Non-inter-level travel time spent in this place.
 C = Inter-level travel time spent in this place.
 D = Time resting spent in this place.
 E = Time spent auto-exploring this place.
 F = Levels seen in this place.
 G = Mean time per level.
                   A        B        C        D        E       F      G
               +--------+--------+--------+--------+--------+-----+--------+
         Total |   6931 |   6644 |    287 |     36 |   5767 |   8 |  866.4 |
       Dungeon |   6568 |   6331 |    237 |      0 |   5541 |   6 | 1094.7 |
        Temple |    282 |    232 |     50 |      0 |    225 |   1 |  282.0 |
         Abyss |     81 |     81 |      0 |     36 |      0 |   1 |   81.0 |
               +--------+--------+--------+--------+--------+-----+--------+

Top non-repeatable levels by time:
     D:4: 1535 daAuts
     D:5: 1500 daAuts
     D:1: 1396 daAuts
     D:2: 1177 daAuts
     D:3: 934 daAuts
  Temple: 282 daAuts
 Abyss:1: 81 daAuts
     D:6: 25 daAuts
